 Dungeon Crawl Stone Soup version 0.22.0-38-g04b72b8 (webtiles) character file.

867 Fang the Chopper (level 8, -4/75 HPs)
             Began as a Gargoyle Berserker on Aug 30, 2018.
             Was an Elder of Trog.
             Slain by Pikel
             ... wielding a +1 whip of freezing
              (7 damage)
             ... on level 5 of the Dungeon.
             The game lasted 00:04:28 (4694 turns).

Fang the Chopper (Gargoyle Berserker)               Turns: 4694, Time: 00:04:29

Health: -4/75      AC:  7    Str: 24    XL:     8   Next: 3%
Magic:  8/8        EV: 13    Int:  9    God:    Trog [****..]
Gold:   207        SH:  0    Dex:  9    Spells: 7/7 levels left

rFire    . . .     SeeInvis .   a - +0 hand axe
rCold    + + .     Gourm    .   (no shield)
rNeg     + . .     Faith    .   b - +0 animal skin
rPois    ∞         Spirit   .   (no helmet)
rElec    +         Reflect  .   (no cloak)
rCorr    .         Harm     .   (no gloves)
MR       +++..                  (no boots)
Stlth    ..........             (no amulet)
HPRegen  0.22/turn              r - ring "Ytuvveje" {Wiz rC++ MR+++ Str-3 Stlth-}
MPRegen  0.11/turn              (no ring)

@: berserking, very quick
A: negative energy resistance 1, electricity resistance, unbreathing,
petrification resistance, rot immunity, AC +5
a: Berserk, Trog's Hand, Brothers in Arms, Renounce Religion


You were on level 5 of the Dungeon.
You worshipped Trog.
Trog was greatly pleased with you.
You were hungry.

You visited 1 branch of the dungeon, and saw 5 of its levels.

You collected 207 gold pieces.

Inventory:

Hand Weapons
 a - a +0 hand axe (weapon)
Armour
 b - a +0 animal skin (worn)
Jewellery
 r - the ring "Ytuvveje" (left hand) {Wiz rC++ MR+++ Str-3 Stlth-}
   (You found it on level 4 of the Dungeon)

   [ring of wizardry]

   It improves your spell success rate.
   It affects your strength (-3).
   It greatly protects you from cold.
   It affects your resistance to hostile enchantments.
   It makes you less stealthy.
Wands
 u - a wand of digging (10)
 x - a wand of flame (13)
Scrolls
 e - 10 scrolls of remove curse {unknown}
 g - a scroll of enchant armour {unknown}
 j - 6 scrolls of identify {unknown}
 k - 2 scrolls of teleportation {unknown}
 l - a scroll of magic mapping {unknown}
 m - a scroll of fog {unknown}
 n - 3 scrolls of enchant weapon {unknown}
 p - 2 scrolls of amnesia {unknown}
 q - a scroll of immolation {unknown}
 v - a scroll of fear {unknown}
 w - a scroll of noise {unknown}
Potions
 d - 2 potions of flight {unknown}
 f - a potion of curing {unknown}
 h - a potion of berserk rage {unknown}
 i - 2 potions of might {unknown}
 o - a potion of magic {unknown}
 s - a potion of mutation {unknown}
 t - a potion of agility {unknown}
 A - a potion of ambrosia {unknown}
Comestibles
 c - 5 rations


   Skills:
 + Level 5.5 Fighting
 + Level 6.1 Axes
 + Level 2.4 Armour
 + Level 3.9 Dodging
 + Level 1.9 Stealth


You had 7 spell levels left.
You didn't know any spells.
Your spell library was empty.

Dungeon Overview and Level Annotations

Branches:
Dungeon (5/15)
 Temple: D:4-7

Altars:
Gozag
Kikubaaqudgha
The Shining One

Annotations:
D:5 Pikel


Innate Abilities, Weirdness & Mutations

You are resistant to torment.
Your stone body is resilient. (AC +5)
You are immune to poison.
You resist negative energy. (rN+)
You are resistant to electric shocks. (rElec)
You can survive without breathing.
You are immune to petrification.
You are immune to rotting.


Message History

The slave hits you! x2
* * * LOW HITPOINT WARNING * * *
The slave hits you but does no damage. The slave misses you.
Pikel barely misses you. The ogre hits you with a giant club!
* * * LOW HITPOINT WARNING * * *
You hit the ogre.
The ogre is heavily wounded.
You hit the slave. You barely miss the slave. You closely miss the slave.
You slash Pikel! You slash the slave!
Unknown command.
You slash the ogre!
The ogre is almost dead.
You slash the slave! You closely miss Pikel. You slash the slave!
You hit the slave. You barely miss the slave. The slave closely misses you.
The slave hits you but does no damage. The slave barely misses you.
The slave hits you!
* * * LOW HITPOINT WARNING * * *
Pikel waves a pair of manacles at you. Pikel hits you with a whip of freezing!
You die...

#.## ## ..# ##.# #.#
##...# ###.## ##.....##
##....# #.......##
##.....# # #........
#......## #
#.....pp######.......###
......p@#............##.
......OpK...............
...................###..
..................## #..
................### #..
..............### ##.
..............# ##
...........##.# #### #
.....##...####.# #..###


You could see Pikel, an ogre and 4 slaves.

Vanquished Creatures
  An ice beast (D:5)
  A centaur (D:5)
  Blork the orc (D:5)
  3 scorpions
  A jelly (D:5)
  2 hounds
  An orc wizard (D:3)
  Jessica (D:2)
  Terence (D:3)
  Ijyb (D:5)
  3 worker ants
  A hound skeleton (D:5)
  Robin (D:2)
  4 adders
  4 oozes
  8 worms
  2 dart slugs (D:1)
  A leopard gecko (D:2)
  6 orcs
  A ball python (D:3)
  8 giant cockroaches (D:1)
  11 goblins
  11 hobgoblins
  18 jackals
  3 kobolds
  2 quokkas
  8 bats
  5 frilled lizards
  A quokka skeleton (D:4)
  8 rats
119 creatures vanquished.

Notes
Turn   | Place    | Note
-------+----------+-------------------------------------------
     0 | D:1      | Fang the Gargoyle Berserker began the quest for the Orb.
     0 | D:1      | Reached XP level 1. HP: 14/14 MP: 1/1
     1 | D:1      | Found a runed door.
    33 | D:1      | Reached XP level 2. HP: 19/19 MP: 2/2
    37 | D:1      | Reached skill level 3 in Axes
    43 | D:1      | Reached XP level 3. HP: 24/24 MP: 3/3
    47 | D:1      | Reached ** piety under Trog
   212 | D:1      | Reached XP level 4. HP: 12/29 MP: 4/4
   643 | D:2      | Reached *** piety under Trog
   658 | D:2      | Noticed Robin
   672 | D:2      | Killed Robin
   672 | D:2      | Reached skill level 4 in Axes
   862 | D:2      | Noticed Jessica
   868 | D:2      | Killed Jessica
   868 | D:2      | Reached XP level 5. HP: 28/33 MP: 5/5
  1424 | D:3      | Reached skill level 1 in Stealth
  1445 | D:3      | Found an opulent altar of Gozag.
  1445 | D:3      | Found an ancient bone altar of Kikubaaqudgha.
  1511 | D:3      | Reached **** piety under Trog
  1697 | D:3      | Noticed Terence
  1721 | D:3      | Reached XP level 6. HP: 20/39 MP: 6/6
  1737 | D:3      | Killed Terence
  2464 | D:4      | Reached skill level 5 in Axes
  2806 | D:4      | Got a serpentine tin ring
  2861 | D:4      | Identified the ring "Ytuvveje" {Wiz rC++ MR+++ Str-3 Stlth-} (You found it on level 4 of the Dungeon)
  2883 | D:4      | Reached XP level 7. HP: 19/44 MP: 7/7
  3314 | D:5      | Entered Level 5 of the Dungeon
  3385 | D:5      | Noticed Blork the orc
  3395 | D:5      | Killed Blork the orc
  3395 | D:5      | Reached skill level 5 in Fighting
  3901 | D:5      | Reached skill level 6 in Axes
  4057 | D:5      | Found a glowing golden altar of the Shining One.
  4159 | D:5      | Noticed Ijyb
  4201 | D:5      | Killed Ijyb
  4201 | D:5      | Reached XP level 8. HP: 28/50 MP: 8/8
  4686 | D:5      | Noticed Pikel
  4694 | D:5      | HP: 3/75 [slave[Pikel] (7)]
  4694 | D:5      | Slain by Pikel

Skill      XL: |  1  2  3  4  5  6  7 |
---------------+----------------------+-----
Axes           | 3 4 5 6 |  6.1
Dodging        | 2 3 |  3.9
Fighting       | 4 5 |  5.5
Stealth        | 1 |  1.9
Armour         | |  2.4

Action                   |  1- 3 |  4- 6 |  7- 9 || total
-------------------------+-------+-------+-------++-------
Melee: Hand axe          |    60 |   297 |   119 ||   476
Invok: Berserk           |     1 |     3 |     4 ||     8
 Stab: Sleeping          |     1 |     1 |       ||     2
       Distracted        |       |     1 |       ||     1
  Eat: Chunk             |       |    10 |     6 ||    16
       Ration            |       |       |     1 ||     1
Armor: Animal skin       |    17 |   110 |    38 ||   165
Dodge: Dodged            |    51 |   212 |    79 ||   342
